TOP OF THE 1ST |
Maui Tropics batting - Pitching for New Orleans Looters : RHP Juan Martínez
|
Pitching: RHP Juan Martínez
|
|
Batting: RHB Roberto Gómez
|
0-0: Foul Ball, location: 2F 0-1: Foul Ball, location: 2F 0-2: Ground out 5-3 (Groundball, 56S)
|
Batting: LHB Dave Cook
|
0-0: Ball 1-0: SINGLE (Line Drive, 89S)
|
Batting: RHB Jesús Espinoza
|
0-0: Grounds into double play, 4-6-3 (Groundball, 34)
|
Top of the 1st over - 0 runs, 1 hit, 0 errors, 0 left on base; Maui 0 - New Orleans 0 |
BOTTOM OF THE 1ST |
New Orleans Looters batting - Pitching for Maui Tropics : RHP Ronald Cotton
|
Pitching: RHP Ronald Cotton
|
|
Batting: LHB Miguel Colón
|
0-0: Ball 1-0: Called Strike 1-1: Ball 2-1: SINGLE (Groundball, 56D)
|
Batting: RHB Rubén Vázquez
|
0-0: Foul Ball, location: 2F 0-1: Foul Ball, location: 2F 0-2: Strikes out looking
|
Batting: SHB Arturo Sánchez
|
0-0: Reached on error, E3 (Groundball, 3) Miguel Colón to second
|
Batting: SHB Oliver Deleón
|
0-0: Ball 1-0: Ball 2-0: Ball 3-0: Base on Balls Miguel Colón to third Arturo Sánchez to second
|
Batting: RHB Ramón Hernández
|
0-0: Ball 1-0: Ball 2-0: Called Strike 2-1: Ball 3-1: Grounds into double play, 6-4-3 (Groundball, 6)
|
Bottom of the 1st over - 0 runs, 1 hit, 1 error, 2 left on base; Maui 0 - New Orleans 0 |
TOP OF THE 2ND |
Maui Tropics batting - Pitching for New Orleans Looters : RHP Juan Martínez
|
Batting: RHB Luis Alou
|
0-0: Ball 1-0: Ball 2-0: Called Strike 2-1: Foul Ball, location: 2F 2-2: Strikes out looking
|
Batting: LHB Luis Antonio Torres
|
0-0: Ball 1-0: Ball 2-0: Called Strike 2-1: Ball 3-1: Base on Balls
|
Batting: LHB Ernesto López
|
0-0: Ball 1-0: Ball 2-0: SINGLE (Groundball, 3D) Luis Antonio Torres to second Runner from 2nd tries for 3rd, OUT!
|
Batting: RHB Michael Woodruff
|
0-0: Ball 1-0: Ball Ernesto López steals 2nd base 2-0: SINGLE (Line Drive, 8LS) Ernesto López to third Runner from 3rd tries for Home, SAFE, throw made home
|
Batting: RHB Matt Silver
|
0-0: Ball 1-0: Called Strike 1-1: Ball 2-1: Fly out, F7 (Line Drive, 78M)
|
Top of the 2nd over - 1 run, 2 hits, 0 errors, 1 left on base; Maui 1 - New Orleans 0 |
BOTTOM OF THE 2ND |
New Orleans Looters batting - Pitching for Maui Tropics : RHP Ronald Cotton
|
Batting: RHB Dave O'Loan
|
0-0: Called Strike 0-1: Ball 1-1: Fly out, F7 (Flyball, 7LS)
|
Batting: RHB Tim Gardner
|
0-0: Called Strike 0-1: Ball 1-1: SINGLE (Groundball, 34) (infield hit)
|
Batting: RHB Dan Banks
|
0-0: Ball 1-0: Called Strike 1-1: Ball 2-1: SINGLE (Groundball, 6S) (infield hit) Tim Gardner to second
|
Batting: RHB Run-ming Zhu
|
0-0: Called Strike 0-1: Called Strike 0-2: Ball 1-2: SINGLE (Line Drive, 34D) Tim Gardner to third Dan Banks to second
|
Batting: LHB Miguel Colón
|
0-0: Fly out, F4 (Popup, 4)
|
Batting: RHB Rubén Vázquez
|
0-0: Called Strike 0-1: SINGLE (Groundball, 56D) Tim Gardner scores Dan Banks to third Run-ming Zhu to second Runner from 3rd tries for Home, SAFE, no throw
|
Batting: SHB Arturo Sánchez
|
0-0: Foul Ball, location: 2F 0-1: Fly out, F9 (Flyball, 9LS)
|
Bottom of the 2nd over - 2 runs, 4 hits, 0 errors, 2 left on base; Maui 1 - New Orleans 2 |
TOP OF THE 3RD |
Maui Tropics batting - Pitching for New Orleans Looters : RHP Juan Martínez
|
Batting: RHB Bo Vickers
|
0-0: Ball 1-0: Ball 2-0: Fly out, F9 (Flyball, 9LS)
|
Batting: RHB Roberto Gómez
|
0-0: Ball 1-0: Called Strike 1-1: Foul Ball, location: 2F 1-2: Foul Ball, location: 2F 1-2: Ball 2-2: Ball 3-2: Foul Ball, location: 2F 3-2: Base on Balls
|
Batting: LHB Dave Cook
|
0-0: Ball 1-0: Called Strike Throwing error on steal attempt, E2 Roberto Gómez to third 1-1: Ball 2-1: Called Strike 2-2: Foul Ball, location: 2F 2-2: Ball 3-2: Strikes out swinging
|
Batting: RHB Jesús Espinoza
|
0-0: Ball 1-0: SINGLE (Line Drive, 56) Roberto Gómez scores
|
Batting: RHB Luis Alou
|
0-0: Ball 1-0: SINGLE (Groundball, 6MD) Jesús Espinoza to second
|
Batting: LHB Luis Antonio Torres
|
0-0: Fly out, F7 (Line Drive, 7)
|
Top of the 3rd over - 1 run, 2 hits, 1 error, 2 left on base; Maui 2 - New Orleans 2 |
BOTTOM OF THE 3RD |
New Orleans Looters batting - Pitching for Maui Tropics : RHP Ronald Cotton
|
Batting: SHB Oliver Deleón
|
0-0: Ball 1-0: Ground out 4-3 (Groundball, 4)
|
Batting: RHB Ramón Hernández
|
0-0: Foul Ball, location: 2F 0-1: Ground out 5-3 (Groundball, 56S)
|
Batting: RHB Dave O'Loan
|
0-0: Called Strike 0-1: Fly out, F8 (Flyball, 8LXD)
|
Bottom of the 3rd over - 0 runs, 0 hits, 0 errors, 0 left on base; Maui 2 - New Orleans 2 |
TOP OF THE 4TH |
Maui Tropics batting - Pitching for New Orleans Looters : RHP Juan Martínez
|
Batting: LHB Ernesto López
|
0-0: Fly out, F9 (Flyball, 89D)
|
Batting: RHB Michael Woodruff
|
0-0: Called Strike 0-1: Foul Ball, location: 2F 0-2: Ball 1-2: Ball 2-2: Foul Ball, location: 2F 2-2: SINGLE (Groundball, 56D)
|
Batting: RHB Matt Silver
|
0-0: SINGLE (Line Drive, 78M) Michael Woodruff to second
|
Batting: RHB Bo Vickers
|
0-0: Fielders Choice at 2nd, 6-4 (Groundball, 6) Michael Woodruff to third
|
Now at 2B: Mario Álvarez
|
|
Batting: RHB Roberto Gómez
|
0-0: Swinging Strike 0-1: Ball 1-1: Ball 2-1: Fielders Choice at 2nd, 6-4 (Groundball, 56)
|
Top of the 4th over - 0 runs, 2 hits, 0 errors, 2 left on base; Maui 2 - New Orleans 2 |
BOTTOM OF THE 4TH |
New Orleans Looters batting - Pitching for Maui Tropics : RHP Ronald Cotton
|
Batting: RHB Tim Gardner
|
0-0: Ground out 4-3 (Groundball, 4)
|
Batting: RHB Dan Banks
|
0-0: Foul Ball, location: 2F 0-1: Foul Ball, location: 2F 0-2: Ball 1-2: Foul Ball, location: 2F 1-2: Foul Ball, location: 2F 1-2: Foul Ball, location: 2F 1-2: Fly out, F9 (Line Drive, 89M)
|
Batting: RHB Run-ming Zhu
|
0-0: Ball 1-0: Ball 2-0: Ground out 6-3 (Groundball, 6)
|
Bottom of the 4th over - 0 runs, 0 hits, 0 errors, 0 left on base; Maui 2 - New Orleans 2 |
TOP OF THE 5TH |
Maui Tropics batting - Pitching for New Orleans Looters : RHP Juan Martínez
|
Batting: LHB Dave Cook
|
0-0: Ball 1-0: Ball 2-0: Called Strike 2-1: Ball 3-1: Swinging Strike 3-2: Base on Balls
|
Batting: RHB Jesús Espinoza
|
0-0: Ball 1-0: Foul Ball, location: 2F 1-1: Ball 2-1: Ball 3-1: Fly out, F8 (Flyball, 8RXD)
|
Batting: RHB Luis Alou
|
0-0: Ball 1-0: SINGLE (Flyball, 9S) Dave Cook to second
|
Batting: LHB Luis Antonio Torres
|
0-0: Fly out, F8 (Line Drive, 8RXD) Runner from 2nd tags up, SAFE at 3rd, no throw
|
Batting: LHB Ernesto López
|
0-0: Foul Ball, location: 2F 0-1: SINGLE (Flyball, 8LS) Dave Cook scores Luis Alou to second Runner from 2nd tries for 3rd, SAFE, no throw
|
Batting: RHB Michael Woodruff
|
0-0: Called Strike 0-1: Foul Ball, location: 2F 0-2: Ball 1-2: Ball 2-2: SINGLE (Flyball, 89S) Luis Alou scores Ernesto López to second Runner from 2nd tries for 3rd, SAFE, throw made to third
|
Batting: RHB Matt Silver
|
0-0: Swinging Strike 0-1: Swinging Strike 0-2: Ball 1-2: Strikes out swinging
|
Top of the 5th over - 2 runs, 3 hits, 0 errors, 2 left on base; Maui 4 - New Orleans 2 |
BOTTOM OF THE 5TH |
New Orleans Looters batting - Pitching for Maui Tropics : RHP Ronald Cotton
|
Batting: LHB Miguel Colón
|
0-0: Called Strike 0-1: Ball 1-1: Foul Ball, location: 2F 1-2: Ball 2-2: Strikes out swinging
|
Batting: RHB Rubén Vázquez
|
0-0: Swinging Strike 0-1: SINGLE (Groundball, 6MD)
|
Batting: SHB Arturo Sánchez
|
0-0: SINGLE (Groundball, 3D) Rubén Vázquez to second Runner from 2nd tries for 3rd, SAFE, no throw
|
Batting: SHB Oliver Deleón
|
0-0: Ball 1-0: Ball 2-0: Ball 3-0: Called Strike 3-1: Foul Ball, location: 2F 3-2: Base on Balls Arturo Sánchez to second
|
Batting: LHB Mario Álvarez
|
0-0: Called Strike 0-1: Foul Ball, location: 2F 0-2: Fly out, F9 (Flyball, 9)
|
Batting: RHB Dave O'Loan
|
0-0: Called Strike 0-1: Foul Ball, location: 2F 0-2: Ball 1-2: Ball 2-2: Strikes out swinging
|
Bottom of the 5th over - 0 runs, 2 hits, 0 errors, 3 left on base; Maui 4 - New Orleans 2 |
TOP OF THE 6TH |
Maui Tropics batting - Pitching for New Orleans Looters : RHP Juan Martínez
|
Batting: RHB Bo Vickers
|
0-0: Ball 1-0: Called Strike 1-1: Ball 2-1: Foul Ball, location: 2F 2-2: Strikes out swinging
|
Batting: RHB Roberto Gómez
|
0-0: Ball 1-0: Ball 2-0: Called Strike 2-1: Ball 3-1: Called Strike 3-2: Foul Ball, location: 2F 3-2: Foul Ball, location: 2F 3-2: Foul Ball, location: 2F 3-2: Fly out, F3 (Popup, 3F)
|
Batting: LHB Dave Cook
|
0-0: Called Strike 0-1: Swinging Strike 0-2: Ball 1-2: Strikes out swinging
|
Top of the 6th over - 0 runs, 0 hits, 0 errors, 0 left on base; Maui 4 - New Orleans 2 |
BOTTOM OF THE 6TH |
New Orleans Looters batting - Pitching for Maui Tropics : RHP Ronald Cotton
|
Batting: RHB Tim Gardner
|
0-0: Called Strike 0-1: Ball 1-1: Ball 2-1: Swinging Strike 2-2: Ball 3-2: Foul Ball, location: 2F 3-2: Strikes out swinging
|
Batting: RHB Dan Banks
|
0-0: Called Strike 0-1: Ball 1-1: SINGLE (Flyball, 89S)
|
Batting: RHB Run-ming Zhu
|
0-0: Ball Dan Banks steals 2nd base 1-0: Ball 2-0: Fly out, F5 (Line Drive, 56)
|
Batting: LHB Miguel Colón
|
0-0: Ground out U3 (Groundball, 34S)
|
Bottom of the 6th over - 0 runs, 1 hit, 0 errors, 1 left on base; Maui 4 - New Orleans 2 |
TOP OF THE 7TH |
Maui Tropics batting - Pitching for New Orleans Looters : RHP Juan Martínez
|
Pitching: RHP Ienobu Sato
|
|
Batting: RHB Jesús Espinoza
|
0-0: DOUBLE (Flyball, 8RXD)
|
Batting: RHB Luis Alou
|
0-0: Ball 1-0: Foul Ball, location: 2F 1-1: Called Strike 1-2: Strikes out looking
|
Batting: LHB Luis Antonio Torres
|
0-0: Foul Ball, location: 2F 0-1: Ball 1-1: Swinging Strike 1-2: Ball 2-2: Strikes out swinging
|
Batting: LHB Ernesto López
|
0-0: Called Strike 0-1: Foul Ball, location: 2F 0-2: Foul Ball, location: 2F 0-2: Strikes out looking
|
Top of the 7th over - 0 runs, 1 hit, 0 errors, 1 left on base; Maui 4 - New Orleans 2 |
BOTTOM OF THE 7TH |
New Orleans Looters batting - Pitching for Maui Tropics : RHP Ronald Cotton
|
Batting: RHB Rubén Vázquez
|
0-0: Called Strike 0-1: Ball 1-1: Fly out, F7 (Flyball, 78D)
|
Batting: SHB Arturo Sánchez
|
0-0: Called Strike 0-1: SOLO HOME RUN (Flyball, 9LD), Distance : 345 ft
|
Batting: SHB Oliver Deleón
|
0-0: Ball 1-0: Fly out, F9 (Flyball, 89S)
|
Batting: LHB Mario Álvarez
|
0-0: Foul Ball, location: 2F 0-1: Fly out, F9 (Line Drive, 89S)
|
Bottom of the 7th over - 1 run, 1 hit, 0 errors, 0 left on base; Maui 4 - New Orleans 3 |
TOP OF THE 8TH |
Maui Tropics batting - Pitching for New Orleans Looters : RHP Ienobu Sato
|
Batting: RHB Michael Woodruff
|
0-0: Called Strike 0-1: Ball 1-1: Called Strike 1-2: Ground out 5-3 (Groundball, 56)
|
Batting: RHB Matt Silver
|
0-0: Fly out, F9 (Flyball, 9LDF)
|
Batting: RHB Bo Vickers
|
0-0: Ball 1-0: Ball 2-0: Ball 3-0: Base on Balls
|
Pinch Hitting: LHB Warren Potter
|
0-0: SINGLE (Line Drive, 8RS) Bo Vickers to second
|
Pinch Runner at 2nd José Rodríguez:
|
|
Batting: LHB Dave Cook
|
0-0: Ball 1-0: Foul Ball, location: 2F 1-1: Swinging Strike 1-2: Ball 2-2: Fly out, F8 (Flyball, 8RM)
|
Top of the 8th over - 0 runs, 1 hit, 0 errors, 2 left on base; Maui 4 - New Orleans 3 |
BOTTOM OF THE 8TH |
New Orleans Looters batting - Pitching for Maui Tropics : RHP Ronald Cotton
|
Now at 2B: Reynaldo Slomp
|
|
Now in CF: Warren Potter
|
|
Batting: RHB Dave O'Loan
|
0-0: Called Strike 0-1: Ball 1-1: Ball 2-1: Fly out, F9 (Flyball, 89D)
|
Batting: RHB Tim Gardner
|
0-0: Ground out 5-3 (Groundball, 56S)
|
Batting: RHB Dan Banks
|
0-0: Ball 1-0: Ground out 5-3 (Groundball, 5L)
|
Bottom of the 8th over - 0 runs, 0 hits, 0 errors, 0 left on base; Maui 4 - New Orleans 3 |
TOP OF THE 9TH |
Maui Tropics batting - Pitching for New Orleans Looters : RHP Ienobu Sato
|
Batting: RHB Jesús Espinoza
|
0-0: Called Strike 0-1: Ball 1-1: Called Strike 1-2: Ball 2-2: Foul Ball, location: 2F 2-2: Foul Ball, location: 2F 2-2: Foul Ball, location: 2F 2-2: Ball 3-2: Foul Ball, location: 2F 3-2: Strikes out swinging
|
Pitching: RHP Juan Flores
|
|
Batting: RHB Luis Alou
|
0-0: Swinging Strike 0-1: Foul Ball, location: 2F 0-2: Ball 1-2: Strikes out swinging
|
Pitching: LHP Tadao Yoshida
|
|
Batting: LHB Luis Antonio Torres
|
0-0: Ball 1-0: Ball 2-0: Called Strike 2-1: Foul Ball, location: 2F 2-2: Strikes out swinging
|
Top of the 9th over - 0 runs, 0 hits, 0 errors, 0 left on base; Maui 4 - New Orleans 3 |
BOTTOM OF THE 9TH |
New Orleans Looters batting - Pitching for Maui Tropics : RHP Ronald Cotton
|
Pinch Hitting: LHB Taylor Smith
|
0-0: Ball 1-0: Called Strike 1-1: Called Strike 1-2: Foul Ball, location: 2F 1-2: Ground out 4-3 (Groundball, 4)
|
Batting: LHB Miguel Colón
|
0-0: Called Strike 0-1: Foul Ball, location: 2F 0-2: Ball 1-2: Foul Ball, location: 2F 1-2: Ground out 1-3 (Groundball, 13S)
|
Batting: RHB Rubén Vázquez
|
0-0: Ground out 4-3 (Groundball, 4)
|
Bottom of the 9th over - 0 runs, 0 hits, 0 errors, 0 left on base; Maui 4 - New Orleans 3 |
|